 Dungeon Crawl Stone Soup version 0.30-a0-311-gf115ab0292 (webtiles) character file.

Game seed: 14723528774344292074

173 Zonian the Magician (level 5, 0/35 HPs)
             Began as a Djinni Ice Elementalist on Oct 25, 2022.
             Slain by Pikel
             ... wielding a +1 whip of freezing
              (10 damage)
             ... on level 5 of the Dungeon.
             The game lasted 00:11:51 (5266 turns).

Zonian the Magician (Djinni Ice Elementalist)       Turns: 5266, Time: 00:11:51

Health: 0/35       AC:  3    Str:  7    XL:     5   Next: 83%
Gold:   63         EV: 14    Int: 18    God:
                   SH:  0    Dex: 20

rFire   + + .      SeeInvis .    k - +6 mace "Qeogua" {spect, rElec Dex+6}
rCold   x . .      Faith    .    (no shield)
rNeg    . . .      Spirit   .    a - +0 robe
rPois   ∞          Reflect  .    p - +0 helmet
rElec   +          Harm     .    (no cloak)
rCorr   .          Rampage  .    (no gloves)
Will    .....                    (boots unavailable)
Stlth   +++.......               (no amulet)
HPRegen 0.25/turn                (no ring)
MPRegen 0.00/turn                (no ring)

@: flying
A: sickness immunity, fire resistance 2, cold vulnerability 1, float, innate
caster, HP casting, extra vitality 1
a: no special abilities


You were on level 5 of the Dungeon.
You visited 1 branch of the dungeon, and saw 5 of its levels.

You collected 274 gold pieces.
You spent 211 gold pieces at shops.

Inventory:

Hand Weapons
 b - a +1 dagger
 e - a +0 sling
 k - the +6 mace "Qeogua" (weapon) {spect, rElec Dex+6}
   (You found it on level 4 of the Dungeon)

   When its wielder attacks, the weapon's spirit leaps out and strikes again.
   The spirit shares a part of any damage it takes with its wielder.
   Dex:       It affects your dexterity (+6).
   rElec:     It insulates you from electricity.
 q - a +0 halberd of freezing
 r - a +2 whip of holy wrath
Missiles
 c - 12 poisoned darts
Armour
 a - a +0 robe (worn)
 p - a +0 helmet (worn)
 t - the -1 pair of gloves of the Snake Pit {Dex+4}
   (You found it on level 3 of the Dungeon)

   Dex:       It affects your dexterity (+4).
Jewellery
 d - a +4 ring of protection
Wands
 n - a wand of charming (6)
Scrolls
 g - 2 scrolls of teleportation
 o - a scroll of poison
Potions
 f - a potion of might
 h - 3 potions of berserk rage {unknown}
 i - 4 potions of curing
 j - a potion of mutation
 l - a potion of lignification {unknown}
 m - a potion of cancellation {unknown}
 u - a potion of magic


   Skills:
 + Level 0.1 Maces & Flails
 + Level 3.9 Dodging
 + Level 3.1 Stealth
 + Level 4.0 Spellcasting


You couldn't memorise any spells.
You knew the following spells:

 Your Spells              Type           Power      Damage    Failure   Level
a - Freeze                Ice            72%        1d8       2%          1
b - Frozen Ramparts       Ice            36%        1d6       9%          3
c - Ozocubu's Armour      Ice            18%        N/A       9%          3
d - Summon Ice Beast      Ice/Summ       18%        N/A       28%         4
e - Beastly Appendage     Tmut           36%        N/A       2%          1
f - Static Discharge      Conj/Air       36%        2-4/arc   4%          2
Your spell library was empty.

Dungeon Overview and Level Annotations

Branches:
Dungeon (5/15)
 Temple: D:4-7

Altars:
Cheibriados
Gozag
Zin

Shops:
D:3 (*   D:4 *!***

Annotations:
D:5 Grinder, Pikel


Innate Abilities, Weirdness & Mutations

You are immune to sickness and miasma.
You are immune to poison.
Your flesh is very heat resistant. (rF++)
You are vulnerable to cold. (rC-)
You float through the air rather than walking.
You learn spells naturally, not from books.
Your magical power is your life essence.
You have superior vitality. (+4 MHP)


Message History

You start resting.
HP restored.
You start waiting.
Done waiting.
Unknown command.
Unknown command.
Unknown command.
Pikel, Merchant of Souls comes into view.
He is wielding a +1 whip of freezing and wearing a +2 robe of cold resistance.
There are monsters nearby!
Unknown command.
You start waiting.
Done waiting.
You start waiting.
Done waiting.
Unknown command.
You start waiting.
Done waiting.
You start waiting.
Done waiting.
Unknown command.
Pikel shouts!
Pikel cracks his whip.
You barely miss the lemure.
Your +6 mace "Qeogua" {spect, rElec Dex+6} hits the lemure!
The lemure shouts!
The lemure hits your +6 mace "Qeogua" {spect, rElec Dex+6} but does no damage.
You hit Pikel but do no damage.
Your +6 mace "Qeogua" {spect, rElec Dex+6} hits Pikel.
Pikel hits you with a +1 whip of freezing.
Pikel freezes you.
Unknown command.
You closely miss Pikel. Your punch misses Pikel.
Pikel is lightly wounded.
Your +6 mace "Qeogua" {spect, rElec Dex+6} hits Pikel!
Pikel hits you with a +1 whip of freezing!
Pikel freezes you!
* * * LOW HITPOINT WARNING * * *
The lemure closely misses your +6 mace "Qeogua" {spect, rElec Dex+6}.
Pikel hits you with a +1 whip of freezing!
You die...

####............ .
#.......######## # #.##....#
###### #.#.....# #.....
#.#.....##### #.####
#.#.....#...# #.# #.#.....#...#
#.#### #.#.....#...# #.##..
#.#...@(#...######.##.#
#.#...5K#.............. #####
#.#.....'..............
.....######.#..#..#.5............
...............................>.
####.###########.#####..#####....
... #.# #..#####.... ..... #.#
#...5....... ###.. #.#
#.......##'#


You could see Pikel, 2 lemures and a friendly +6 mace "Qeogua" {spect, rElec
Dex+6} (summoned).

Vanquished Creatures
  2 lemures (D:5)
  A hound (D:4)
  2 iguanas (D:4)
  2 adders
  2 worms
  2 dart slugs (D:2)
  2 orcs
  6 ball pythons
  2 endoplasms
  3 giant cockroaches
  6 goblins
  7 hobgoblins
  6 jackals
  2 quokkas
  A bat (D:1)
  2 frilled lizards (D:1)
  8 kobolds
  5 rats (D:1)
61 creatures vanquished.

Vanquished Creatures (others)
  3 plants (D:3)
3 creatures vanquished.

Grand Total: 64 creatures vanquished

Notes
Turn   | Place    | Note
-------+----------+-------------------------------------------
     0 | D:1      | Zonian the Djinni Ice Elementalist began the quest for the
                  | Orb.
     0 | D:1      | Zonian set off with the following spells memorised: Freeze,
                  | Frozen Ramparts, Ozocubu's Armour, Summon Ice Beast.
     0 | D:1      | Reached XP level 1. HP: 15/15 MP: 0/0
    75 | D:1      | Reached XP level 2. HP: 10/21 MP: 0/0
   800 | D:1      | Reached XP level 3. HP: 21/25 MP: 0/0
   800 | D:1      | Learned a level 1 spell: Beastly Appendage
  1876 | D:3      | Reached XP level 4. HP: 26/31 MP: 0/0
  2513 | D:3      | Found a glowing silver altar of Zin.
  2514 | D:3      | Found a snail-covered altar of Cheibriados.
  2562 | D:3      | Identified the -1 pair of gloves of the Snake Pit {Dex+4}
  2585 | D:3      | Found Gaschisch's Weapon Shop.
  2790 | D:3      | Found an opulent altar of Gozag.
  2834 | D:3      | Found Geunaz's Assorted Antiques.
  3140 | D:4      | Found Buntok's General Store.
  3175 | D:4      | HP: 1/31 [frozen (4)]
  3506 | D:4      | Reached XP level 5. HP: 16/35 MP: 0/0
  3506 | D:4      | Learned a level 2 spell: Static Discharge
  3823 | D:4      | Found Gene's Distillery.
  3842 | D:4      | Bought a potion of curing for 39 gold pieces
  3842 | D:4      | Bought a potion of might for 52 gold pieces
  3870 | D:4      | Found Azxeizin's General Store.
  3986 | D:4      | Reached skill level 4 in Spellcasting
  4017 | D:4      | Identified the +6 mace "Qeogua" {spect, rElec Dex+6}
  4042 | D:4      | Found Cena's Assorted Antiques.
  4047 | D:4      | Found Muwiw's Merry Market.
  4050 | D:4      | Bought a scroll labelled TEJAEWN LAYGH for 24 gold pieces
  4050 | D:4      | Bought a runed bone wand for 96 gold pieces
  4196 | D:5      | Entered Level 5 of the Dungeon
  4208 | D:5      | Noticed Grinder
  4464 | D:5      | Noticed a lemure
  4490 | D:5      | Noticed a lemure
  4490 | D:5      | Noticed a lemure
  4523 | D:5      | Killed a lemure
  4564 | D:5      | Noticed an ogre
  4643 | D:5      | Noticed a lemure
  4654 | D:5      | Killed a lemure
  4828 | D:5      | Noticed Pikel
  5266 | D:5      | Slain by Pikel

Illustrated notes

Levels and vault maps discovered:
D:1:      minmay_arrival_five_plusses, layout_rooms, minmay_rat_gold_closets
D:2:      layout_rooms, nicolae_eternal_life
D:3:      layout_rooms, mainiacjoe_overflow_catwalk,
          nicolae_overflow_two_pavilions, serial_bayou, serial_bayou_pond_a,
          serial_bayou_pond_a, serial_bayou_pond_c, serial_bayou_shore_b,
          serial_shops, nicolae_diamond_shop, nicolae_shop_behind_doors
D:4:      layout_cave_pools, serial_shops, nicolae_take_the_stairs, shop, shop,
          nicolae_shop_waterfront, nicolae_alphabet_shops, nrook_mini_vaults,
          grunt_ministairs_10
D:5:      layout_basic, minivault_27, minmay_misc_feat_plants, uniq_grinder,
          uniq_pikel

Skill      XL: |  1  2  3  4  5 |
---------------+----------------+-----
Stealth        | 2 3 |  3.1
Dodging        | 3 |  3.9
Spellcasting   | 4 |  4.0
Maces & Flails | |  0.1

Action                   |  1- 3 |  4- 6 || total
-------------------------+-------+-------++-------
Melee: Dagger            |    35 |    28 ||    63
       Mace              |       |    12 ||    12
Throw: Dart              |       |     4 ||     4
 Cast: Freeze            |    54 |    35 ||    89
       Frozen Ramparts   |       |     1 ||     1
  Use: Scroll            |       |    14 ||    14
       Potion            |       |     3 ||     3
 Stab: Sleeping          |     4 |     2 ||     6
Armor: Robe              |    13 |     4 ||    17
Dodge: Dodged            |    47 |    41 ||    88

Table legend: (Time is in decaauts)
 A = Elapsed time spent in this place.
 B = Non-inter-level travel time spent in this place.
 C = Inter-level travel time spent in this place.
 D = Time resting spent in this place.
 E = Time spent auto-exploring this place.
 F = Levels seen in this place.
 G = Mean time per level.
                   A        B        C        D        E       F      G
               +--------+--------+--------+--------+--------+-----+--------+
         Total |   5261 |   4930 |    331 |   1959 |   1903 |   5 | 1052.2 |
       Dungeon |   5261 |   4930 |    331 |   1959 |   1903 |   5 | 1052.2 |
               +--------+--------+--------+--------+--------+-----+--------+

Top non-repeatable levels by time:
     D:3: 1322 daAuts
     D:1: 1189 daAuts
     D:4: 1178 daAuts
     D:5: 887 daAuts
     D:2: 684 daAuts
